 Dungeon Crawl Stone Soup version 0.28.0-53-g5a82cb258f (webtiles) character file.

Game seed: 15397367798108569496

167 jottpe the Insei (level 5, -6/41 HPs)
             Began as a Draconian Transmuter on Aug 17, 2022.
             Was an Initiate of Wu Jian.
             Mangled by an iguana (8 damage)
             ... on level 4 of the Dungeon.
             The game lasted 00:12:42 (3592 turns).

jottpe the Insei (Draconian Transmuter)             Turns: 3592, Time: 00:12:43

Health: -6/41      AC:  8    Str: 12    XL:     5   Next: 23%
Magic:  8/8        EV: 12    Int: 13    God:    Wu Jian [......]
Gold:   110        SH:  5    Dex: 14    Spells: 7/8 levels left

rFire   . . .      SeeInvis +   g - +0 short sword
rCold   . . .      Faith    .   (no shield)
rNeg    . . .      Spirit   .   (armour unavailable)
rPois   +          Reflect  +   (helmet restricted)
rElec   .          Harm     .   a - +1 cloak
rCorr   .          Rampage  .   q - +0 pair of gloves
Will    .....                   (no boots)
Stlth   +.........              h - amulet of reflection
HPRegen 0.13/turn               i - ring of poison resistance
MPRegen 0.11/turn               l - ring of see invisible

@: no status effects
A: AC +5, unfitting armour, cold-blooded
a: Renounce Religion


You were on level 4 of the Dungeon.
You worshipped Wu Jian.
Wu Jian was noncommittal.
You visited 1 branch of the dungeon, and saw 4 of its levels.

You collected 110 gold pieces.

Inventory:

Hand Weapons
 g - a +0 short sword (weapon)
Missiles
 c - 65 arrows
 d - 6 poisoned darts (quivered)
 e - 27 bolts
 j - 76 stones
 p - a throwing net
Armour
 a - a +1 cloak (worn)
 q - a +0 pair of gloves (worn)
 v - the +1 chain mail of the Constellations {Rampage *Corrode rF++ Dex+2}
   (You found it on level 4 of the Dungeon)

   Dex:       It affects your dexterity (+2).
   rF:        It greatly protects you from fire.
   *Corrode:  It may corrode you when you take damage.
   Rampage:   It bestows one free step when moving towards enemies.
 x - a +1 robe of positive energy
Jewellery
 h - an amulet of reflection (around neck)
 i - a ring of poison resistance (left hand)
 l - a ring of see invisible (right hand)
Wands
 o - a wand of acid (14)
 s - a wand of flame (15)
Scrolls
 m - a scroll of noise {unknown}
 r - a scroll of immolation
Potions
 b - 2 potions of curing
 k - a potion of cancellation
 n - 2 potions of berserk rage
 t - a potion of degeneration
 w - a potion of heal wounds


   Skills:
 + Level 1.7 Fighting
 + Level 1.3 Short Blades
 + Level 2.3 Dodging
 + Level 0.4 Stealth
 + Level 0.5 Shields
 + Level 4.8 Unarmed Combat
 + Level 2.3 Spellcasting
 + Level 2.1 Transmutations


You had 7 spell levels left.
You knew the following spells:

 Your Spells              Type           Power      Damage    Failure   Level
a - Beastly Appendage     Tmut           14%        N/A       11%         1

Your spell library contained the following spells:

 Spells                   Type           Power      Damage    Failure   Level
 Wereblood                Tmut           7%         N/A       16%         2
 Slow                     Hex            4%         N/A       26%         1
 Ensorcelled Hibernation  Hex/Ice        2%         N/A       36%         2
 Spider Form              Tmut/Pois      4%         N/A       43%         3
 Confusing Touch          Hex            1%         N/A       58%         3
 Vampiric Draining        Necr           1%         2d6       58%         3
 Ice Form                 Ice/Tmut       4%         N/A       85%         4
 Anguish                  Hex/Necr       0%         N/A       94%         4


Dungeon Overview and Level Annotations

Branches:
Dungeon (4/15)
 Temple: D:4-7

Altars:
Wu Jian


Innate Abilities, Weirdness & Mutations

Your plain brown scales are hard. (AC +5)
You cannot fit into any form of body armour.
You are cold-blooded and may be slowed by cold attacks.


Message History

The iguana is lightly wounded.
The iguana bites you but does no damage.
You barely miss the iguana.
The iguana is lightly wounded.
The iguana bites you!
* * * LOW HITPOINT WARNING * * *
You hit the iguana but do no damage.
You tail-slap the iguana, but do no damage.
The iguana is lightly wounded.
The iguana bites you but does no damage.
You hit the iguana.
The iguana is lightly wounded.
The iguana barely misses you.
You hit the iguana but do no damage.
You tail-slap the iguana, but do no damage.
The iguana is lightly wounded.
The iguana misses you.
You hit the iguana.
The iguana is moderately wounded.
The iguana closely misses you.
You hit the iguana but do no damage.
The iguana is moderately wounded.
The iguana completely misses you.
You hit the iguana but do no damage.
Your tail-slap misses the iguana.
The iguana is moderately wounded.
The iguana closely misses you.
You closely miss the iguana.
Your tail-slap misses the iguana.
The iguana is moderately wounded.
The iguana bites you but does no damage.
You barely miss the iguana.
The iguana is moderately wounded.
The iguana closely misses you. The iguana completely misses you.
You closely miss the iguana.
The iguana is lightly wounded.
The iguana bites you!
* * * LOW HITPOINT WARNING * * *
You completely miss the iguana. You punch the iguana, but do no damage.
The iguana is lightly wounded.
The iguana bites you!
You die...

## ###.##.####.
#............#.
#.###.###.##.##
###.....#
#.##.#. #.#....
..##.## #.##.##
#####.##
#.....##....
#...
#####.##.....#
####
#..l@.##.######
#
#.####...#....#
# #.###.##.# #
#.###.##.## #
#.........# #
#####.##..# .
.........# #
####.###.######
...# #....)..


You could see an iguana.

Vanquished Creatures
  2 orc wizards (D:4)
  A gnoll (D:1)
  5 adders
  3 worms (D:2)
  2 dart slugs
  4 orcs
  10 ball pythons
  A bat (D:1)
  6 endoplasms
  A giant cockroach (D:2)
  8 goblins
  3 hobgoblins
  3 kobolds
  6 frilled lizards
  7 rats
62 creatures vanquished.

Notes
Turn   | Place    | Note
-------+----------+-------------------------------------------
     0 | D:1      | jottpe the Draconian Transmuter began the quest for the
                  | Orb.
     0 | D:1      | Reached XP level 1. HP: 16/16 MP: 3/3
   196 | D:1      | Reached XP level 2. HP: 23/23 MP: 5/5
   655 | D:1      | Reached XP level 3. HP: 19/28 MP: 6/6
  1029 | D:2      | Reached skill level 4 in Unarmed Combat
  1209 | D:2      | Reached XP level 4. HP: 22/35 MP: 7/7
  2667 | D:3      | Found an ornate altar of the Wu Jian Council.
  2812 | D:3      | Became a worshipper of the Wu Jian Council
  3077 | D:4      | Identified the +1 chain mail of the Constellations {Rampage
                  | *Corrode rF++ Dex+2}
  3366 | D:4      | Reached skill level 1 in Short Blades
  3366 | D:4      | Reached XP level 5. HP: 15/41 MP: 8/8
  3591 | D:4      | HP: 2/41 [iguana (8)]
  3592 | D:4      | Mangled by an iguana

Illustrated notes

Levels and vault maps discovered:
D:1:      lemuel_arrival_funnel, layout_loops_ring, kennysheep_another_room
D:2:      layout_loops_ring, minmay_strange_pillars,
          hangedman_abyss_or_decor_lesser_grid
D:3:      layout_rooms, lemuel_tele_altar, grunt_ministairs_13,
          minmay_misc_feat_room, minmay_misc_feat_roman,
          minmay_fractal_squares_gapless_5
D:4:      layout_basic

Skill      XL: |  1  2  3  4 |
---------------+-------------+-----
Unarmed Combat | 4 |  4.8
Dodging        | 2 |  2.3
Short Blades   | 1 |  1.3
Fighting       | |  1.7
Stealth        | |  0.4
Shields        | |  0.5
Spellcasting   | |  2.3
Transmutations | |  2.1

Action                   |  1- 3 |  4- 6 || total
-------------------------+-------+-------++-------
Melee: Unarmed           |    99 |    26 ||   125
       Tailslap          |    14 |    16 ||    30
       Punch             |     2 |     9 ||    11
       Short sword       |       |   137 ||   137
Invok: Lunge             |       |     1 ||     1
  Use: Scroll            |       |     8 ||     8
       Potion            |       |     1 ||     1
 Stab: Sleeping          |       |     2 ||     2
Armor: Skin              |    25 |    45 ||    70
Dodge: Dodged            |    44 |    70 ||   114
Block: Other             |       |    35 ||    35
       Reflection        |       |     1 ||     1
